 Dungeon Crawl Stone Soup version 0.22-a0-253-gf9d0ce5 (webtiles) character file.

8216 Calypsia the Grappler (level 11, -5/109 HPs)
             Began as a Troll Monk on Mar 2, 2018.
             Was a Priest of Elyvilon.
             Slain by a death yak (21 damage)
             ... on level 9 of the Dungeon.
             The game lasted 00:17:42 (11962 turns).

Calypsia the Grappler (Troll Monk)                 Turns: 11962, Time: 00:17:43

Health: -5/109     AC:  5    Str: 21    XL:     11   Next: 7%
Magic:  11/13      EV: 14    Int:  6    God:    Elyvilon [***...]
Gold:   595        SH:  0    Dex: 15    Spells: 10/10 levels left

rFire    + . .     SeeInvis +     - Unarmed
rCold    . . .     Gourm    +   (no shield)
rNeg     . . .     Faith    +   a - +0 robe
rPois    +         Spirit   .   (helmet restricted)
rElec    .         Reflect  .   s - scarf {cloud immunity}
rCorr    .         Harm     .   (gloves unavailable)
MR       +....                  (boots unavailable)
Stlth    ++........             C - amulet of Sijiusunt {Faith rPois rF+ Slay+5}
HPRegen  0.68/turn              w - ring of protection from magic
MPRegen  0.13/turn              d - ring of see invisible

@: no status effects
A: large, unfitting armour, claws 3, fast metabolism 3, gourmand, regeneration
1, shaggy fur 1, tough skin 2
a: Lesser Healing, Heal Other, Purification, Divine Protection, Renounce
Religion


You were on level 9 of the Dungeon.
You worshipped Elyvilon.
Elyvilon was most pleased with you.
You were very full.

You visited 2 branches of the dungeon, and saw 12 of its levels.

You collected 694 gold pieces.
You spent 36 gold pieces at shops.
You donated 63 gold pieces to Zin.

Inventory:

Armour
 a - a +0 robe (worn)
 s - a scarf of cloud immunity (worn)
 A - a +1 cloak
Jewellery
 d - a ring of see invisible (right claw)
 w - a ring of protection from magic (left claw)
 x - an uncursed ring of protection from cold
 C - the amulet of Sijiusunt (around neck) {Faith rPois rF+ Slay+5}
   (You took it off a kobold on level 10 of the Dungeon)

   [amulet of faith]

   It allows you to gain divine favour quickly.
   It affects your accuracy and damage with ranged weapons and melee attacks
   (+5).
   It protects you from fire.
   It protects you from poison.
 D - an uncursed amulet of faith {unknown}
Wands
 h - a wand of digging (10)
 t - a wand of random effects (9)
 v - a wand of iceblast (14)
Scrolls
 c - 3 scrolls of blinking
 f - a scroll of magic mapping
 g - 9 scrolls of identify
 i - 4 scrolls of remove curse
 j - a scroll of enchant armour
 k - 3 scrolls of random uselessness {unknown}
 o - a scroll of amnesia {unknown}
 q - 2 scrolls of noise {unknown}
 r - 7 scrolls of teleportation
 u - a scroll of fear {unknown}
 y - a scroll of enchant weapon {unknown}
 B - a scroll of fog {unknown}
Potions
 e - a potion of curing
 l - 2 potions of flight
 m - 2 potions of mutation
 n - a potion of degeneration
 p - a potion of might
 z - a potion of cancellation
Comestibles
 b - 11 rations


   Skills:
 + Level 7.3 Fighting
 + Level 7.2 Dodging
 - Level 1.0 Stealth
 * Level 11.7 Unarmed Combat
 + Level 4.9 Invocations


You had 10 spell levels left.
You didn't know any spells.

Dungeon Overview and Level Annotations

Branches:
Dungeon (11/15)            Temple (1/1) D:7             Orc (0/2) D:10
   Lair: D:8-11

Altars:
Ashenzari
Cheibriados
Dithmenos
Elyvilon
Fedhas
Gozag
Hepliaklqana
Kikubaaqudgha
Makhleb
Nemelex Xobeh
Okawaru
Qazlal
Ru
Sif Muna
Trog
Uskayaw
Vehumet
Wu Jian
Xom
Yredelemnul
Zin
The Shining One
Beogh

Shops:
D:6 ?


Innate Abilities, Weirdness & Mutations

You are too large for most types of armour.
You have claws for hands.
Your metabolism is lightning-fast.
You like to eat raw meat.
Your natural rate of healing is unusually fast.
You are covered in fur. (AC +1)
You have very tough skin. (AC +2)


Message History

The death yak gores you!!
* * * LOW HITPOINT WARNING * * *
You beseech Elyvilon to protect your life.
The death yak misses you.
Things that are here:
a scale mail; a hand axe The death yak barely misses you.
There is a stone staircase leading up here.
The death yak closely misses you.
You climb upwards.
Your divine protection fades away.
There is a stone staircase leading down here.
You are healed.
You feel somewhat less full. The death yak gores you!
* * * LOW HITPOINT WARNING * * *
You are healed.
You feel somewhat less full. The death yak gores you!
* * * LOW HITPOINT WARNING * * *
You completely miss the death yak.
The death yak is heavily wounded.
The death yak gores you!!
You die...

#.......#.#####.# #.##.###.# #
###..........##.#####.##.###.###
#....##.............##........
#....#####.##(#'##.#######.###
#........#.##....#.# ###.###
#....###.#.##......# #.....#
####.......#.......## #.###.#
##...#.##...Y.....####.# #.#
##.....#....@....>['....###..
#.....###.........[####.....#
#.##.#.#.##.......## ##..###
#.#####.####.....## ##.### #.#
### ##...## #...# #.# ##'##
###.# #.# #.# #.# #.# #.# #.#
#.####### ##.## #.#


You could see a death yak.

Vanquished Creatures
  A death yak (D:11)
  A two-headed ogre (D:9)
  Urug (D:9)
  Maurice (D:9)
  Sigmund (D:2)
  A wyvern (D:10)
  4 yaks
  A hungry ghost (D:8)
  A water moccasin (D:5)
  A porcupine (D:11)
  11 orc warriors
  A sky beast (D:9)
  A black bear (D:6)
  An ice beast (D:6)
  3 ogres
  3 phantoms
  3 centaurs
  A crocodile (D:10)
  5 bullfrogs
  3 big kobolds (D:8)
  A wyvern zombie (D:7)
  A scorpion (D:10)
  A wyvern skeleton (D:7)
  3 killer bees (D:10)
  3 wights (D:11)
  2 crimson imps
  4 jellies
  A bullfrog zombie (D:8)
  4 hounds
  6 orc priests
  A centaur skeleton (D:4)
  Terence (D:2)
  4 iguanas
  12 orc wizards
  8 worker ants
  2 hound zombies
  A hound skeleton (D:8)
  Robin (D:2)
  A worker ant zombie (D:9)
  11 gnolls
  A howler monkey skeleton (D:6)
  13 adders
  A shadow imp (D:9)
  An adder skeleton (D:4)
  An adder zombie (D:7)
  3 worms
  4 leopard geckos
  73 orcs
  9 bats
  6 giant cockroaches
  20 goblins
  9 hobgoblins
  4 jackals
  31 kobolds
  7 quokkas
  A ball python (D:3)
  A ball python skeleton (D:5)
  4 frilled lizards (D:2)
  A jackal skeleton (D:5)
  2 leopard gecko skeletons
  A quokka skeleton (D:4)
  9 rats
315 creatures vanquished.

Notes
Turn   | Place    | Note
-------+----------+-------------------------------------------
     0 | D:1      | Calypsia the Troll Monk began the quest for the Orb.
     0 | D:1      | Reached XP level 1. HP: 22/22 MP: 0/0
   141 | D:1      | Reached XP level 2. HP: 26/29 MP: 1/1
   459 | D:1      | Reached XP level 3. HP: 36/36 MP: 2/2
   796 | D:2      | Found a sacrificial altar of Ru.
   843 | D:2      | Noticed Terence
   863 | D:2      | Killed Terence
   863 | D:2      | Reached skill level 4 in Unarmed Combat
   867 | D:2      | Reached XP level 4. HP: 18/44 MP: 3/3
  1154 | D:2      | Noticed Sigmund
  1170 | D:2      | Killed Sigmund
  1170 | D:2      | Reached skill level 5 in Unarmed Combat
  1170 | D:2      | Reached XP level 5. HP: 32/53 MP: 4/4
  1482 | D:2      | Noticed Robin
  1491 | D:2      | Reached XP level 6. HP: 61/61 MP: 5/5
  1507 | D:2      | Killed Robin
  3307 | D:3      | Reached skill level 6 in Unarmed Combat
  3478 | D:4      | Reached XP level 7. HP: 68/68 MP: 6/6
  4108 | D:5      | Entered Level 5 of the Dungeon
  4291 | D:5      | Reached skill level 7 in Unarmed Combat
  4573 | D:5      | Reached XP level 8. HP: 76/79 MP: 7/7
  5400 | D:6      | Reached skill level 8 in Unarmed Combat
  5421 | D:6      | Reached skill level 5 in Fighting
  5440 | D:6      | Reached skill level 5 in Dodging
  5689 | D:6      | Found Suafyraf's Magic Scroll Emporium.
  5697 | D:6      | Bought a scroll of teleportation for 36 gold pieces
  5869 | D:6      | Found a bloodstained altar of Trog.
  6374 | D:7      | Reached XP level 9. HP: 49/88 MP: 8/8
  6382 | D:7      | Reached skill level 9 in Unarmed Combat
  6513 | D:7      | Found a staircase to the Ecumenical Temple.
  6580 | Temple   | Entered the Ecumenical Temple
  6645 | Temple   | Became a worshipper of Zin the Law-Giver
  6645 | Temple   | Reached * piety under Zin
  6645 | Temple   | Reached ** piety under Zin
  6645 | Temple   | Reached *** piety under Zin
  6733 | D:7      | Reached **** piety under Zin
  7282 | D:8      | Reached skill level 1 in Invocations
  7647 | D:8      | HP: 3/89 [orc warrior/morningstar (18)]
  7647 | D:8      | HP: 1/89 [kobold/whip (2)]
  7910 | D:8      | Reached skill level 10 in Unarmed Combat
  8354 | D:8      | Reached ***** piety under Zin
  8451 | D:9      | Noticed Maurice
  8469 | D:9      | Killed Maurice
  8566 | D:9      | Reached XP level 10. HP: 100/100 MP: 11/11
  8682 | D:9      | You fall through a shaft!
  8682 | D:10     | Entered Level 10 of the Dungeon
  9194 | D:9      | Noticed a two-headed ogre
  9204 | D:9      | Killed a two-headed ogre
  9541 | D:10     | Found a roughly hewn altar of Beogh.
  9541 | D:10     | Found a staircase to the Orcish Mines.
  9576 | D:10     | Got an ancient bone amulet
  9590 | D:10     | Identified the amulet of Sijiusunt {Faith rPois rF+ Slay+5} (You took it off a kobold on level 10 of the Dungeon)
  9744 | Temple   | Fell from the grace of Zin
  9744 | Temple   | Became a worshipper of Elyvilon the Healer
  9744 | Temple   | Reached * piety under Elyvilon
  9744 | Temple   | Reached ** piety under Elyvilon
 10145 | D:10     | Reached skill level 11 in Unarmed Combat
 10472 | D:10     | Reached *** piety under Elyvilon
 10731 | D:10     | Noticed Urug
 11000 | D:9      | HP: 1/100 [Urug/enchanted demon trident (22)]
 11004 | D:9      | Killed Urug
 11449 | D:11     | Noticed a death yak
 11452 | D:11     | Noticed a death yak
 11453 | D:11     | Noticed a death yak
 11460 | D:11     | Killed a death yak
 11719 | D:10     | Reached XP level 11. HP: 102/109 MP: 13/13
 11962 | D:9      | Slain by a death yak

Vault maps used:
D:1:      erik_arrival_triangle_small, minmay_circled_x
D:2:      overflow_temple_1_default, uniq_terence, uniq_sigmund, uniq_robin
D:3:      kennysheep_generic_room_5
D:4:      first_ration
D:6:      basic_altar, serial_shops, shop
D:7:      temple_green
D:8:      special_room
D:9:      uniq_maurice
D:10:     david_orc_5, uniq_urug
D:11:     dpeg_lair_monsters, hangedman_ranch, kennysheep_minor_cross
Temple:   nicolae_temple_the_god_donut

Skill      XL: |  1  2  3  4  5  6  7  8  9 10 |
---------------+-------------------------------+-----
Unarmed Combat | 4 5 6 7 8 10 11 | 11.7
Dodging        | 3 4 5 6 7 |  7.2
Fighting       | 3 4 5 6 7 |  7.3
Invocations    | 3 4 |  4.9
Stealth        | |  1.0

Action                   |  1- 3 |  4- 6 |  7- 9 | 10-12 || total
-------------------------+-------+-------+-------+-------++-------
Melee: Unarmed           |    88 |   174 |   411 |   192 ||   865
       Punch             |       |     4 |    11 |    11 ||    26
Invok: Lesser Healing    |       |       |       |     5 ||     5
       Divine Protection |       |       |       |     1 ||     1
  Use: Potion            |       |     3 |     4 |     6 ||    13
       Scroll            |       |       |     9 |     1 ||    10
 Stab: Sleeping          |     2 |     2 |     3 |     1 ||     8
       Distracted        |       |       |     2 |       ||     2
  Eat: Chunk             |    10 |    25 |    37 |    31 ||   103
       Ration            |       |       |     2 |     2 ||     4
Armor: Robe              |    48 |    48 |    57 |    41 ||   194
Dodge: Dodged            |    51 |    96 |   217 |   120 ||   484

Table legend:
 A = Spawn XP
 B = Non-spawn XP
 C = Spawn XP percentage of total XP
 D = Spawn monster count
 E = Non-spawn monster count
 F = Spawn count percentage of total count
 G = Total turns spent on level
                    A         B        C        D         E        F      G
               +---------+---------+-------+---------+---------+-------+---------
         Total |       0 |   11738 |   0.0 |       0 |     315 |   0.0 | 11962
               +---------+---------+-------+---------+---------+-------+---------
           D:1 |       0 |      43 |   0.0 |       0 |      26 |   0.0 |   711
           D:2 |       0 |     373 |   0.0 |       0 |      42 |   0.0 |   996
           D:3 |       0 |     261 |   0.0 |       0 |      31 |   0.0 |  1703
           D:4 |       0 |     497 |   0.0 |       0 |      27 |   0.0 |   831
           D:5 |       0 |     368 |   0.0 |       0 |       8 |   0.0 |   943
           D:6 |       0 |     802 |   0.0 |       0 |      21 |   0.0 |   969
           D:7 |       0 |     766 |   0.0 |       0 |      23 |   0.0 |  1089
           D:8 |       0 |    1993 |   0.0 |       0 |      62 |   0.0 |  1206
           D:9 |       0 |    2868 |   0.0 |       0 |      15 |   0.0 |  1688
          D:10 |       0 |    2101 |   0.0 |       0 |      48 |   0.0 |  1559
          D:11 |       0 |    1666 |   0.0 |       0 |      12 |   0.0 |   145
               +---------+---------+-------+---------+---------+-------+---------
